 Dungeon Crawl Stone Soup version 0.18.1-50-g88ac8fd (webtiles) character file.

137284 nikopol the Severer (level 17, -1/157 HPs)
             Began as a Hill Orc Fighter on Sept 18, 2016.
             Was the Champion of Okawaru.
             Slain by Mara (illusionary)
             ... wielding a +3 demon trident of electrocution
              (19 damage)
             ... on level 3 of the Swamp.
             The game lasted 02:00:06 (31629 turns).

nikopol the Severer (Hill Orc Fighter)             Turns: 31629, Time: 02:00:06

Health: -1/157     AC: 42    Str: 32    XL:     17   Next: 23%
Magic:  16/17      EV: 10    Int:  8    God:    Okawaru [******]
Gold:   3208       SH: 12    Dex: 15    Spells: 2 memorised, 12 levels left

rFire  + . .     SeeInvis +     N - +6 broad axe "Giantbane" {venom, Dex+3}
rCold  + . .     Gourm    .     y - +2 crystal plate armour
rNeg   + . .     Faith    .     u - +2 buckler {rC+}
rPois  +         Spirit   .     k - +2 helmet
rElec  .         Dismiss  .     W - +1 cloak of Action {Str+7 Dex-2 Stlth-}
rCorr  .         Reflect  .     Y - +0 pair of gloves {archery}
SustAt .         Harm     .     F - +3 pair of boots "Ushuu" {Regen+}
MR     ++...                    b - amulet "Duypebox" {+Rage rPois rN+ SInv}
Stlth  ..........               A - ring "Besol" {+Inv rPois rF+ Str+3 Slay+2}
                                z - ring of protection from magic

@: heroism, very resistant to hostile enchantments, extremely unstealthy
A: hooves 1
a: Heroism, Finesse, Renounce Religion, Evoke Berserk Rage, Evoke Invisibility


You were on level 3 of the Swamp.
You worshipped Okawaru.
Okawaru was exalted by your worship.
You were hungry.

You visited 4 branches of the dungeon, and saw 28 of its levels.
You also visited: Ossuary and Bailey.

You collected 3208 gold pieces.

Inventory:

Hand Weapons
 N - the +6 broad axe "Giantbane" (weapon) {venom, Dex+3}
   (Okawaru gifted it to you on level 1 of the Lair of Beasts)

   It poisons the flesh of those it strikes.
   It affects your dexterity (+3).
Missiles
 v - 41 tomahawks of returning (quivered)
Armour
 k - a +2 helmet (worn)
 u - a +2 buckler of cold resistance (worn)
 y - a +2 crystal plate armour (worn)
 F - the +3 pair of boots "Ushuu" (worn) {Regen+}
   (You found it in a bailey)

   It increases your rate of regeneration.
 W - the +1 cloak of Action (worn) {Str+7 Dex-2 Stlth-}
   (Okawaru gifted it to you on level 13 of the Dungeon)

   It affects your strength (+7).
   It affects your dexterity (-2).
   It makes you less stealthy.
 Y - a +0 pair of gloves of archery (worn)
Jewellery
 b - the amulet "Duypebox" (around neck) {+Rage rPois rN+ SInv}
   (You found it on level 7 of the Lair of Beasts)

   [amulet of rage]

   It protects you from poison.
   It protects you from negative energy.
   It lets you see invisible.
   It lets you go berserk.
 i - an uncursed ring of flight
 m - an uncursed ring of sustain attributes
 z - a ring of protection from magic (left hand)
 A - the ring "Besol" (right hand) {+Inv rPois rF+ Str+3 Slay+2}
   (You found it on level 7 of the Dungeon)

   [ring of protection from fire]

   It affects your strength (+3).
   It affects your accuracy and damage with ranged weapons and melee attacks
   (+2).
   It protects you from fire.
   It protects you from poison.
   It lets you turn invisible.
 H - an uncursed ring of positive energy
 U - an uncursed ring of protection from fire
Wands
 a - a wand of disintegration (18/24)
 J - a wand of hasting (1/9)
Scrolls
 g - 3 scrolls of recharging
 j - 6 scrolls of enchant weapon
 r - 3 scrolls of fog
 x - 10 scrolls of remove curse
 B - 3 scrolls of magic mapping
 D - a scroll of summoning {unknown}
 E - 10 scrolls of identify
 G - 2 scrolls of blinking
 L - 6 scrolls of amnesia
 M - 11 scrolls of teleportation
 Q - 5 scrolls of fear
 X - 5 scrolls of enchant armour
Potions
 d - 9 potions of might
 e - 2 potions of haste
 f - 3 potions of heal wounds
 h - 6 potions of brilliance
 l - a potion of flight
 o - 3 potions of invisibility
 p - 6 potions of curing
 s - 3 potions of agility
 t - 2 potions of berserk rage
 w - a potion of cancellation
 C - 5 potions of ambrosia
 I - 2 potions of magic
 V - 2 potions of cure mutation
Books
 c - Roxanne's Volume of the Mountains
   (You took it off Roxanne on level 1 of the Swamp)

   Spells                             Type                      Level
   a - Stone Arrow                    Conjuration/Earth            3
   b - Bolt of Magma                  Conjuration/Fire/Earth       5
   c - Lee's Rapid Deconstruction     Earth                        5
   d - Statue Form                    Transmutation/Earth          6
Comestibles
 n - 9 meat rations
 q - 28 fruits
 R - 11 bread rations
 S - 8 beef jerkies
 T - 4 slices of pizza
 Z - 11 royal jellies


   Skills:
 + Level 15.7(20.7) Fighting
 * Level 19.7(24.7) Axes
 + Level 6.3(11.3) Throwing
 + Level 14.8(19.8) Armour
 * Level 17.3(22.3) Shields


You had 12 spell levels left.
You knew the following spells:

 Your Spells              Type           Power        Failure   Level  Hunger
a - Swiftness             Chrm/Air       #.......     100%        2    ###....
b - Blink                 Tloc           N/A          100%        2    ###....


Dungeon Overview and Level Annotations

Branches:
Dungeon (15/15)            Temple (0/1) D:5            Lair (8/8) D:8
  Swamp (3/4) Lair:6       Spider (0/4) Lair:6        Slime (0/6) Lair:8
    Orc (2/2) D:11            Elf (0/3) Orc:2        Vaults (0/5) D:13
 Depths (0/5) D:15

Altars:
Ashenzari
Cheibriados
Dithmenos
Elyvilon
Fedhas
Makhleb
Nemelex Xobeh
Okawaru
Pakellas
Sif Muna
Vehumet
Xom
Yredelemnul
The Shining One

Shops:
D:13 (   D:14 %   Orc:2 !?***

Annotations:
Swamp:3 Mara


Innate Abilities, Weirdness & Mutations

You have large cloven feet.


Message History

* * * LOW HITPOINT WARNING * * *
You are electrocuted!
* * * LOW HITPOINT WARNING * * *
You slice Mara!!
Mara is severely wounded.
You miss Mara.
Mara is lightly wounded.
Mara hits you but does no damage.
You are electrocuted!
* * * LOW HITPOINT WARNING * * *
Drink which item? (? for menu, Esc to quit)
You feel much better.
Mara blinks!
Mara hits you but does no damage.
You are electrocuted!
* * * LOW HITPOINT WARNING * * *
Mara closely misses you.
Mara blinks!
Mara barely misses you.
Mara blinks!
You hit Mara but do no damage.
Mara is poisoned.
Mara hits you with a demon trident of electrocution.
* * * LOW HITPOINT WARNING * * *
You are electrocuted!
You die...

.#.####.##.. ...........
@.......≈♣ ≈.♣≈.≈≈.♣ ♣≈ .§
♣≈.≈≈≈. ≈... ≈.≈♣≈....
♣♣♣.≈≈≈ .?....J.♣♣...≈≈≈≈
≈≈......♣..≈.≈≈≈≈
≈≈≈♣♣♣♣R@..R.≈≈≈.
♣.≈§...≈≈≈§ ♣♣.≈≈≈≈≈..♣♣
≈≈ ♣♣≈≈≈..♣♣♣♣♣ ≈≈.
♣≈....≈≈≈..♣.≈≈≈≈
♣..≈§≈≈≈≈.♣♣≈≈≈≈≈ ♣♣♣
♣♣..≈≈..≈.♣..♣♣≈..♣
♣♣≈♣♣♣..≈≈§..≈...≈≈.≈≈.♣
♣...≈≈.≈≈....≈≈≈♣≈.≈≈≈.♣♣.


You could see 2 Maras, a slime creature and nikopol's illusion (wandering).

Vanquished Creatures
  Gastronok (Lair:2)
  2 thorn hunters
  Roxanne (Swamp:1)
  Kirke (D:12)
  Louise (Swamp:1)
  An ettin (Orc:2)
  5 vault guards (D:13)
  A fire dragon (Lair:7)
  The ghost of appiemonkey the Grappler, a journeyman TrMo (Lair:1)
  Harold (Lair:4)
  6 hydras
  6 alligators
  A catoblepas (Lair:8)
  An ogre mage (D:15)
  2 tengu warriors
  The ghost of Scuka the Thaumaturge, a journeyman GrEE of Vehumet (Lair:1)
  9 centaur warriors
  A deep troll shaman (Lair:8)
  10 death yaks
  A dancing weapon (Orc:2)
  4 orc high priests (Orc:2)
  Urug (Orc:1)
  A deep elf knight (D:13)
  Nergalle (Lair:3)
  A fire crab (shapeshifter) (D:15)
  4 skeletal warriors (D:15)
  4 spriggans
  2 unseen horrors
  4 hill giants
  A giant orange brain (D:15)
  A swamp dragon (Swamp:2)
  A wizard (D:13)
  A lindwurm (Lair:8)
  Pikel (D:6)
  An anubis guard (shapeshifter) (D:15)
  A manticore (D:13)
  A wolf spider (Lair:4)
  7 orc knights
  24 ugly things
  2 deep elf magi
  14 slime creatures
  4 orc sorcerers
  6 cyclopes
  A hornet (Swamp:2)
  4 griffons
  A salamander (shapeshifter) (D:15)
  2 guardian serpents (shapeshifter) (D:15)
  14 elephants
  6 black mambas
  2 gargoyles (D:13)
  Psyche (D:11)
  24 spiny frogs
  8 rime drakes
  3 kobold demonologists
  An efreet (D:14)
  5 komodo dragons
  A tengu conjurer (D:13)
  6 trolls
  The ghost of Shufflesack the Thaumaturge, a novice DEWz (D:5)
  A queen bee (Lair:3)
  4 polar bears
  The ghost of Duraxyll the Ducker, an amateur MfBe of Trog (D:4)
  4 bog bodies
  3 giant leeches (Swamp:2)
  11 blink frogs
  A boulder beetle (Lair:6)
  Grinder (D:3)
  A wraith (D:15)
  A wyvern (D:10)
  6 basilisks
  A steam dragon (D:9)
  2 hogs (D:12)
  A hungry ghost (D:15)
  57 yaks
  11 hippogriffs
  7 swamp worms
  10 vampire mosquitoes
  A mottled dragon (D:12)
  Edmund (D:6)
  5 wargs
  5 insubstantial wisps (Swamp:2)
  12 water moccasins
  15 porcupines
  17 orc warriors
  2 slaves (D:6)
  2 swamp drakes
  2 sky beasts
  2 ice beasts
  A black bear (shapeshifter) (D:15)
  An eye of draining (D:14)
  A necrophage (D:6)
  2 phantoms
  20 ogres
  3 black bears
  7 wasps
  14 wolves
  A tengu (shapeshifter) (D:13)
  14 centaurs
  20 crocodiles
  3 big kobolds
  Blork the orc (D:5)
  14 giant frogs
  4 water moccasin zombies (Ossuary)
  9 scorpions
  24 killer bees
  9 howler monkeys
  7 electric eels
  3 crimson imps
  5 centaur zombies
  A quasit (D:12)
  Crazy Yiuf (D:6)
  10 orc priests
  7 hounds
  2 jellies
  A giant frog skeleton (D:8)
  13 iguanas
  Ijyb (D:3)
  4 centaur skeletons
  21 orc wizards
  10 worker ants
  A killer bee zombie (D:5)
  23 sheep
  3 big kobold zombies (Ossuary)
  2 hound zombies
  2 hound skeletons
  2 mummies (Ossuary)
  A worker ant zombie (D:5)
  4 gnolls
  21 adders
  48 river rats
  8 shadow imps
  2 oozes (D:3)
  6 adder zombies
  3 worms
  4 dart slugs
  8 giant geckos
  73 orcs
  15 bats
  9 giant cockroaches
  25 goblins
  9 hobgoblins
  7 jackals
  37 kobolds
  5 quokkas
  2 ball pythons (D:3)
  A ball python zombie (D:5)
  A giant gecko skeleton (D:9)
  6 giant newts
  2 gnoll zombies (Ossuary)
  7 hobgoblin zombies (Ossuary)
  6 kobold zombies (Ossuary)
  4 orc zombies (Ossuary)
  6 rats
  2 briar patches (Swamp:2)
  A bush (Lair:4)
  14 fungi
  10 plants
1021 creatures vanquished.

Vanquished Creatures (others)
  2 humans (D:13)
  An orc (Orc:2)
  2 briar patches (Swamp:3)
  25 fungi
  18 plants
48 creatures vanquished.

Grand Total: 1069 creatures vanquished

Notes
Turn   | Place    | Note
--------------------------------------------------------------
     0 | D:1      | nikopol the Hill Orc Fighter began the quest for the Orb.
     0 | D:1      | Reached XP level 1. HP: 19/19 MP: 1/1
   160 | D:1      | Reached XP level 2. HP: 26/27 MP: 2/2
   280 | D:1      | Reached skill level 3 in Axes
   382 | D:1      | Reached XP level 3. HP: 33/33 MP: 3/3
   872 | D:2      | Found a deep blue altar of Sif Muna.
   875 | D:2      | Found a sparkling altar of Nemelex Xobeh.
   878 | D:2      | Found an iron altar of Okawaru.
   881 | D:2      | Found a shattered altar of Ashenzari.
   887 | D:2      | Became a worshipper of Warmaster Okawaru
  1262 | D:2      | Reached XP level 4. HP: 40/40 MP: 4/4
  1617 | D:3      | Noticed Ijyb
  1640 | D:3      | Killed Ijyb
  1640 | D:3      | Reached skill level 4 in Axes
  1744 | D:3      | Noticed Grinder
  1747 | D:3      | Paralysed by Grinder for 6 turns
  1886 | D:3      | Paralysed by Grinder for 7 turns
  2200 | D:3      | HP: 2/41 [Grinder/nerve-wracking pain (14)]
  2530 | D:3      | Paralysed by Grinder for 4 turns
  2539 | D:3      | Killed Grinder
  2539 | D:3      | Reached skill level 5 in Fighting
  2539 | D:3      | Reached XP level 5. HP: 19/48 MP: 5/5
  2539 | D:3      | Reached XP level 6. HP: 22/56 MP: 6/6
  2812 | D:3      | Reached skill level 5 in Axes
  2872 | D:3      | Found a glowing golden altar of the Shining One.
  3272 | D:3      | Found a shadowy altar of Dithmenos.
  3712 | D:4      | Reached skill level 5 in Armour
  3712 | D:4      | Reached XP level 7. HP: 59/61 MP: 7/7
  3714 | D:4      | Reached skill level 5 in Shields
  3823 | D:4      | Noticed Duraxyll's ghost (amateur MfBe)
  3840 | D:4      | Killed Duraxyll's ghost
  3840 | D:4      | Reached * piety under Okawaru
  4029 | D:4      | Reached skill level 6 in Axes
  4300 | D:4      | Reached XP level 8. HP: 46/71 MP: 8/8
  4522 | D:5      | Entered Level 5 of the Dungeon
  4526 | D:5      | Found a staircase to the Ecumenical Temple.
  4552 | D:5      | Reached ** piety under Okawaru
  4719 | D:5      | Noticed Shufflesack's ghost (novice DEWz)
  4728 | D:5      | Killed Shufflesack's ghost
  4747 | D:5      | Noticed Blork the orc
  4749 | D:5      | Found a sand-covered staircase.
  4773 | Ossuary  | Entered an ossuary
  4887 | Ossuary  | Reached skill level 7 in Axes
  5337 | D:5      | Killed Blork the orc
  5383 | D:5      | Reached *** piety under Okawaru
  5412 | D:5      | Reached XP level 9. HP: 79/80 MP: 9/9
  5569 | D:5      | Found an oddly glowing altar of Pakellas.
  5684 | D:5      | Reached skill level 8 in Axes
  5996 | D:6      | Noticed Edmund
  6007 | D:6      | Killed Edmund
  6445 | D:6      | Found a burning altar of Makhleb.
  6593 | D:6      | Noticed Crazy Yiuf
  6593 | D:6      | Noticed Pikel
  6683 | D:6      | Killed Crazy Yiuf
  6689 | D:6      | Killed Pikel
  6689 | D:6      | Reached skill level 9 in Axes
  7064 | D:7      | Found a snail-covered altar of Cheibriados.
  7304 | D:7      | Reached **** piety under Okawaru
  7389 | D:7      | Reached XP level 10. HP: 83/91 MP: 10/10
  7540 | D:7      | Found a basalt altar of Yredelemnul.
  7577 | D:7      | Got a pitted iron ring
  7579 | D:7      | Identified the ring "Besol" {+Inv rPois rF+ Str+3 Slay+2} (You found it on level 7 of the Dungeon)
  7609 | D:7      | Found a white marble altar of Elyvilon.
  7771 | D:7      | Found a deep blue altar of Sif Muna.
  7991 | D:8      | Found a shimmering altar of Xom.
  8297 | D:8      | Found a staircase to the Lair.
  8500 | Lair:1   | Entered Level 1 of the Lair of Beasts
  8500 | Lair:1   | Noticed Scuka's ghost (journeyman GrEE)
  8525 | Lair:1   | Killed Scuka's ghost
  8525 | Lair:1   | Reached skill level 10 in Axes
  8588 | Lair:1   | Noticed a spiny frog
  8597 | Lair:1   | Killed a spiny frog
  8597 | Lair:1   | Reached ***** piety under Okawaru
  8622 | Lair:1   | Noticed appiemonkey's ghost (journeyman TrMo)
  8895 | Lair:1   | Killed appiemonkey's ghost
  8895 | Lair:1   | Reached skill level 10 in Fighting
  9158 | Lair:1   | Reached XP level 11. HP: 36/101 MP: 11/11
  9405 | Lair:1   | Reached skill level 11 in Axes
  9463 | Lair:1   | Reached skill level 10 in Armour
  9803 | Lair:1   | Reached ****** piety under Okawaru
  9803 | Lair:1   | Received a gift from Okawaru
  9810 | Lair:1   | Reached skill level 10 in Shields
  9811 | Lair:1   | Got a brightly glowing broad axe {god gift}
  9812 | Lair:1   | Identified the +6 broad axe "Giantbane" {venom, Dex+3} (Okawaru gifted it to you on level 1 of the Lair of Beasts)
 10407 | Lair:1   | Reached skill level 12 in Axes
 11410 | Lair:2   | Received a gift from Okawaru
 11429 | Lair:2   | Identified a +0 pair of boots of running (Okawaru gifted it to you on level 2 of the Lair of Beasts)
 11487 | Lair:2   | Noticed Gastronok
 11496 | Lair:2   | Reached XP level 12. HP: 111/111 MP: 12/12
 11501 | Lair:2   | Killed Gastronok
 11525 | Lair:2   | Learned a level 2 spell: Swiftness
 12075 | Lair:3   | Reached skill level 13 in Axes
 12911 | Lair:3   | Noticed Nergalle
 12922 | Lair:3   | Killed Nergalle
 13268 | Lair:4   | Received a gift from Okawaru
 14099 | Lair:4   | Noticed Harold
 14112 | Lair:4   | Killed Harold
 14112 | Lair:4   | Reached skill level 14 in Axes
 14112 | Lair:4   | Reached XP level 13. HP: 80/119 MP: 13/13
 14776 | Lair:5   | Found a radiant altar of Vehumet.
 15288 | Lair:6   | Found a hole to the Spider Nest.
 15638 | Lair:6   | Found a staircase to the Swamp.
 16109 | Lair:6   | Received a gift from Okawaru
 16110 | Lair:6   | Reached skill level 15 in Axes
 17246 | Lair:7   | Noticed a fire dragon
 17260 | Lair:7   | Killed a fire dragon
 17350 | Lair:7   | Got a shimmering lead amulet
 17554 | Lair:7   | Reached XP level 14. HP: 117/129 MP: 14/14
 17823 | Lair:8   | Entered Level 8 of the Lair of Beasts
 18134 | Lair:8   | Reached skill level 16 in Axes
 18170 | Lair:8   | Found a staircase to the Slime Pits.
 18362 | Lair:8   | Received a gift from Okawaru
 19639 | Lair:8   | Identified the amulet "Duypebox" {+Rage rPois rN+ SInv} (You found it on level 7 of the Lair of Beasts)
 19693 | Lair:8   | Identified the Papyrus of Battle Magic
 19702 | Lair:8   | Gained mutation: You have large cloven feet. [potion of beneficial mutation]
 20278 | D:9      | Found a flagged portal.
 20297 | Bailey   | Entered a bailey
 20680 | Bailey   | Got a pair of polished boots
 20691 | Bailey   | Identified the +3 pair of boots "Ushuu" {Regen+} (You found it in a bailey)
 21462 | D:10     | Entered Level 10 of the Dungeon
 21520 | D:10     | Received a gift from Okawaru
 21520 | D:10     | Reached skill level 1 in Throwing
 21789 | D:10     | Identified a scroll of acquirement
 21930 | D:10     | Found a blossoming altar of Fedhas.
 22183 | D:11     | Reached skill level 17 in Axes
 22377 | D:11     | Found a staircase to the Orcish Mines.
 22405 | D:11     | Noticed Psyche
 22413 | D:11     | Killed Psyche
 22939 | Orc:1    | Entered Level 1 of the Orcish Mines
 22980 | Orc:1    | Reached XP level 15. HP: 135/138 MP: 15/15
 23015 | Orc:1    | Noticed Urug
 23030 | Orc:1    | Killed Urug
 23174 | Orc:2    | Entered Level 2 of the Orcish Mines
 23180 | Orc:2    | Found a staircase to the Elven Halls.
 23188 | Orc:2    | Reached skill level 15 in Shields
 23343 | Orc:2    | Found Tebagino's Distillery.
 23642 | Orc:2    | Received a gift from Okawaru
 23663 | Orc:2    | Got a pitted scale mail {god gift}
 23674 | Orc:2    | Identified the +0 scale mail of Xithroj {MR+} (Okawaru gifted it to you on level 2 of the Orcish Mines)
 24047 | Orc:1    | Paralysed by an orc sorcerer for 2 turns
 24293 | Orc:2    | Found Ruucvel's Assorted Antiques.
 24293 | Orc:2    | Found Dumneitt's General Store.
 24378 | Orc:2    | Found Noolafod's Magic Scroll Shop.
 24378 | Orc:2    | Found Arry's General Store.
 25766 | D:13     | Noticed Kirke
 25775 | D:12     | Killed Kirke
 26017 | D:13     | Reached skill level 18 in Axes
 26072 | D:13     | Found Ikyev's Antique Weapon Emporium.
 26162 | D:13     | Received a gift from Okawaru
 26186 | D:13     | Got a shimmering cloak {god gift}
 26198 | D:13     | Identified the +1 cloak of Action {Str+7 Dex-2 Stlth-} (Okawaru gifted it to you on level 13 of the Dungeon)
 26747 | D:13     | Found a gate to the Vaults.
 26758 | D:13     | Reached XP level 16. HP: 147/147 MP: 16/16
 27053 | D:14     | Reached skill level 15 in Fighting
 27712 | D:14     | Received a gift from Okawaru
 27977 | D:14     | Found Fipeliq's Food Shop.
 28074 | D:14     | Learned a level 2 spell: Blink
 28144 | D:14     | Reached skill level 5 in Throwing
 28280 | D:15     | Entered Level 15 of the Dungeon
 28554 | D:15     | Received a gift from Okawaru
 28600 | D:15     | Reached skill level 19 in Axes
 28864 | D:15     | Received a gift from Okawaru
 28885 | D:15     | Found a staircase to the Depths.
 28946 | D:14     | Received a gift from Okawaru
 29223 | Swamp:1  | Entered Level 1 of the Swamp
 29230 | Swamp:1  | Noticed Louise
 29269 | Swamp:1  | Killed Louise
 29447 | Swamp:1  | You fall through a shaft!
 29465 | Swamp:2  | Received a gift from Okawaru
 29609 | Swamp:1  | Noticed Roxanne
 29644 | Swamp:1  | Killed Roxanne
 29657 | Swamp:1  | Identified Roxanne's Volume of the Mountains (You took it off Roxanne on level 1 of the Swamp)
 30511 | Swamp:2  | Reached XP level 17. HP: 151/156 MP: 17/17
 31591 | Swamp:3  | Noticed Mara
 31629 | Swamp:3  | Slain by Mara (illusionary)

Skill      XL: |  1  2  3  4  5  6  7  8  9 10 11 12 13 14 15 16 |
---------------+-------------------------------------------------+-----
Axes           | 3 4 5 6 7 9 10 12 14 15 17 18 19 | 19.7
Fighting       | 4 5 6 7 9 10 11 12 13 14 15 | 15.7
Armour         | 4 5 7 8 9 10 12 13 14 | 14.8
Shields        | 4 5 6 8 9 10 12 13 14 16 17 | 17.3
Throwing       | 1 4 6 |  6.3

Action                   |  1- 3 |  4- 6 |  7- 9 | 10-12 | 13-15 | 16-18 || total
-------------------------+-------+-------+-------+-------+-------+-------++-------
Melee: War axe           |   113 |   234 |   475 |   225 |       |       ||  1047
       Unarmed           |       |       |     1 |       |       |       ||     1
       Broad axe         |       |       |       |   319 |  1203 |   569 ||  2091
Throw: Tomahawk          |       |       |       |       |    38 |    66 ||   104
Invok: Heroism           |       |       |     2 |     1 |       |     2 ||     5
 Abil: Evoke Berserk Rag |       |       |     3 |     1 |       |       ||     4
       Evoke Invisibilit |       |       |       |       |     1 |       ||     1
       Evoke Flight      |       |       |       |       |     2 |       ||     2
  Use: Scroll            |       |       |    16 |     9 |    15 |     1 ||    41
       Potion            |       |       |     1 |     2 |     1 |     1 ||     5
 Stab: Invisible         |       |       |       |       |     2 |       ||     2
       Petrified         |       |       |       |       |     3 |       ||     3
       Distracted        |       |       |       |       |     1 |       ||     1
  Eat: Chunk             |     1 |     4 |    11 |    18 |    41 |    17 ||    92
       Bread ration      |       |     1 |     1 |       |       |       ||     2
       Royal jelly       |       |       |       |     1 |       |       ||     1
       Beef jerky        |       |       |       |     1 |       |       ||     1
Armor: Scale mail        |    56 |   134 |     4 |       |   184 |       ||   378
       Chain mail        |       |       |   241 |   178 |    77 |       ||   496
       Crystal plate arm |       |       |       |       |   279 |   369 ||   648
Dodge: Dodged            |    43 |    44 |    96 |   120 |   246 |   132 ||   681
Block: Shield            |    64 |   118 |   283 |   345 |   619 |       ||  1429
       Buckler           |       |       |       |       |   131 |   181 ||   312
